 Dungeon Crawl Stone Soup version 0.20.0-8-g6b59dc7 (webtiles) character file.

86 Soyweiser the Poker (level 4, -2/33 HPs)
             Began as a Merfolk Skald on May 31, 2017.
             Killed by nerve-wracking pain
             ... invoked by Grinder
              (14 damage)
             ... on level 3 of the Dungeon.
             The game lasted 00:16:59 (2537 turns).

Soyweiser the Poker (Merfolk Skald)                 Turns: 2537, Time: 00:17:00

Health: -2/33      AC:  3    Str: 12    XL:     4   Next: 49%
Magic:  5/7        EV: 13    Int: 12    God:
Gold:   170        SH:  0    Dex: 13    Spells: 3/7 levels left

rFire    . . .     SeeInvis .   a - +0 spear
rCold    . . .     Gourm    .   (no shield)
rNeg     . . .     Faith    .   b - +0 leather armour
rPois    .         Spirit   .   (no helmet)
rElec    .         Reflect  .   (no cloak)
rCorr    .         Harm     .   (no gloves)
MR       .....                  (no boots)
Stlth    +.........             (no amulet)
Regen    0.2/turn               (no ring)
MPRegen  0.1/turn               (no ring)

@: infused
A: change form in water, swift swim, stealthy swim, mutation resistance 1,
subdued magic 1, sturdy frame 1
a: no special abilities


You were on level 3 of the Dungeon.
You were not hungry.

You visited 1 branch of the dungeon, and saw 4 of its levels.

You collected 170 gold pieces.

Inventory:

Hand Weapons
 a - a +0 spear (weapon)
 e - a +0 dagger
 g - a +1 dagger of speed
 m - a +1 dagger of draining
Missiles
 k - 105 stones (quivered)
Armour
 b - a +0 leather armour (worn)
 j - a +0 shield
Scrolls
 f - a scroll of enchant armour {unknown}
 h - a scroll of recharging {unknown}
 i - 2 scrolls of amnesia {unknown}
 n - 2 scrolls of immolation {unknown}
 p - 2 scrolls of identify {unknown}
 q - 3 scrolls of teleportation {unknown}
 v - a scroll of random uselessness {unknown}
Potions
 l - a potion of might {unknown}
 r - a potion of lignification {unknown}
 s - a potion of mutation
 t - 2 potions of curing {unknown}
 u - a potion of resistance {unknown}
Books
 c - a book of Battle

   Spells                             Type                      Level
   a - Infusion                       Charms                       1
   b - Shroud of Golubria             Charms/Translocation         2
   c - Song of Slaying                Charms                       2
   d - Spectral Weapon                Hexes/Charms                 3
   e - Regeneration                   Charms/Necromancy            3
Comestibles
 d - 2 bread rations
 o - a fruit


   Skills:
 - Level 2.1 Fighting
 + Level 4.6 Polearms
 + Level 0.8 Throwing
 - Level 0.6 Armour
 - Level 3.0 Dodging
 - Level 2.1 Spellcasting
 + Level 4.2 Charms
 * Level 0.8 Necromancy


You had 3 spell levels left.
You knew the following spells:

 Your Spells              Type           Power        Failure   Level  Hunger
a - Infusion              Chrm           #...         3%          1    ##.....
b - Regeneration          Chrm/Necr      #.........   26%         3    ####...


Dungeon Overview and Level Annotations

Branches:
Dungeon (4/15)
 Temple: D:4-7

Altars:

Annotations:
D:3 Grinder


Innate Abilities, Weirdness & Mutations

You revert to your normal form in water.
You are very nimble and swift while swimming.
You are very stealthy in the water. (Stealth+)
You are somewhat resistant to further mutation.
Your spells are a little easier to cast, but a little less powerful.
Your movements are slightly less encumbered by armour. (ER -2)


Message History

Grinder closely misses you.
You closely miss Grinder.
Grinder is lightly wounded.
Grinder completely misses you.
You hit Grinder.
Grinder is lightly wounded.
Grinder barely misses you.
Casting: Infusion
Confirm with . or Enter, or press ? or * to list all spells.
You begin infusing your attacks with magical energy.
Grinder barely misses you.
You hit Grinder.
Grinder is lightly wounded.
Grinder hits you.
It was a potion of mutation.
You feel extremely strange.
Your connection to magic feels subdued.
You feel genetically stable.
You feel less encumbered by your armour.
Grinder gestures at you. Pain shoots through your body!
You die...

#.##.##.# ##'##
#.##.##.# ##...##
#.##.##.# ##.....##
#.#..#..# ##.......##
#.#.#)..####.........#
#..........'.........+
###.#...####.........#
#.##.## ##.......##
#.#### ##.5@..## #.##
##...## #..# ##+##
##.# #.# #.# #.# #.#
##.## #.# ##.).## #.#
#.....#
#.##########...##.#


You could see Grinder.

Vanquished Creatures
  2 adders (D:3)
  An adder skeleton (D:4)
  3 dart slugs
  A leopard gecko (D:3)
  2 ball pythons (D:1)
  6 bats
  9 goblins
  10 hobgoblins
  6 kobolds
  2 quokkas
  3 frilled lizards
  8 rats
53 creatures vanquished.

Notes
Turn   | Place    | Note
-------+----------+-------------------------------------------
     0 | D:1      | Soyweiser the Merfolk Skald began the quest for the Orb.
     0 | D:1      | Reached XP level 1. HP: 16/16 MP: 3/3
   153 | D:1      | Reached XP level 2. HP: 18/22 MP: 5/5
   768 | D:1      | Reached XP level 3. HP: 27/27 MP: 6/6
   773 | D:1      | Learned a level 3 spell: Regeneration
  1718 | D:3      | Reached XP level 4. HP: 33/33 MP: 7/7
  2516 | D:3      | Noticed Grinder
  2528 | D:3      | Paralysed by Grinder for 2 turns
  2537 | D:3      | Gained mutation: Your spells are a little easier to cast, but a little less powerful. [potion of mutation]
  2537 | D:3      | Gained mutation: You are somewhat resistant to further mutation. [potion of mutation]
  2537 | D:3      | Gained mutation: Your movements are slightly less encumbered by armour. (ER -2) [potion of mutation]
  2537 | D:3      | Killed from afar by Grinder

Skill      XL: |  1  2  3 |
---------------+----------+-----
Dodging        | 3 |  3.0
Charms         | 4 |  4.2
Polearms       | 4 |  4.6
Fighting       | |  2.1
Throwing       | |  0.8
Armour         | |  0.6
Spellcasting   | |  2.1
Necromancy     | |  0.8

Action                   |  1- 3 |  4- 6 || total
-------------------------+-------+-------++-------
Melee: Spear             |   142 |    55 ||   197
Throw: Stone             |    35 |     8 ||    43
 Cast: Infusion          |       |     3 ||     3
  Use: Potion            |       |     1 ||     1
 Stab: Sleeping          |     4 |       ||     4
  Eat: Chunk             |     3 |     2 ||     5
Armor: Leather armour    |    24 |     8 ||    32
Dodge: Dodged            |    50 |    18 ||    68
